[Event "*** MasterClass Titled Tuesday Blitz"]
[Site "Chess.com"]
[Date "2017.11.07"]
[Round "6"]
[White "Msb2"]
[Black "Vrolijk"]
[Result "1-0"]
[WhiteElo "2654"]
[BlackElo "2493"]
[TimeControl "180+2"]
[EndTime "15:26:38 PST"]
[Termination "Msb2 won by resignation"]

1. d4 Nf6 2. c4 e6 3. Nf3 b6 4.
g3 Bb4+ 5. Bd2 Be7 6. Bg2 Bb7 7. O-O c6 8. Nc3 d5 9. Bf4 O-O 10. Rc1 dxc4 11. Ne5 Nd5 12. Nxc4 Na6 13. Bd2 c5 14. Ne3 cxd4 15. Ncxd5 exd5 16. Nf5 Bf6 17. Bf4 d3 18. Nd6 dxe2 19. Qxe2 Qd7 20. Rfd1 Rad8 21. Bh3 Qxh3 22.
Nxb7 Nc5 23. Nxd8 Rxd8 24. b4 Ne6 25. Be5 Be7 26. Bc7 Re8 27. Rxd5 Bxb4 28. Rh5 Nxc7 29.
Qxe8+ Nxe8 30. Rxh3 f5 31. Rc8 Kf7 32. Rxh7 Be7 33.
Rxe8 Kxe8 34. Rxg7 b5 35. h4 1-0

[Event "*** MasterClass Titled Tuesday Blitz"]
[Site "Chess.com"]
[Date "2017.11.07"]
[Round "6"]
[White "HarutyunianTigranK"]
[Black "nubair1198"]
[Result "0-1"]
[WhiteElo "2556"]
[BlackElo "2548"]
[TimeControl "180+2"]
[EndTime "15:26:40 PST"]
[Termination "nubair1198 won by resignation"]

1. c4 Nf6 2. Nc3 g6 3. Nf3 Bg7 4. g3 O-O 5. d4 c6 6. Bg2 d5 7. Qb3 a5 8. cxd5 Nxd5 9. O-O Nxc3 10. bxc3 a4 11. Qc2 c5 12. Rd1 cxd4 13. cxd4 Bf5 14. e4 Bg4 15. Be3 Nc6 16. e5 Qa5 17. Qe4 Bf5 18. Qh4 Rfd8 19. g4 Bc2 20. Rdc1 Bd3 21. Ng5 h6 22. Nf3 Be4 23. e6 Bxf3 24. exf7+ Kxf7 25. Bxf3 Nxd4 26. Bxd4 Rxd4 27. Rab1 Rb4 28. Rxb4 Qxb4 29.
Rc7 Rd8 30. Rxb7 Qc5 31. Kg2 Rd2 32. Qg3 Be5 33. Qh4 Bd4 34. Bd5+ Qxd5+ 35. Kg3 0-1

[Event "*** MasterClass Titled Tuesday Blitz"]
[Site "Chess.com"]
[Date "2017.11.07"]
[Round "6"]
[White "AbdAlAgathos"]
[Black "PrinceMurad09"]
[Result "1-0"]
[WhiteElo "2233"]
[BlackElo "2242"]
[TimeControl "180+2"]
[EndTime "15:26:55 PST"]
[Termination "AbdAlAgathos won by resignation"]

1. e4 c5 2. Nf3 d6 3. d4 cxd4 4. Nxd4 Nf6 5. Nc3 g6 6. Be3 Bg7 7. f3 Nc6 8. Qd2 O-O 9. O-O-O d5 10. exd5 Nxd5 11. Nxc6 bxc6 12. Bd4 Bxd4 13. Qxd4 Qb6 14. Nxd5 cxd5 15. Qxb6 axb6 16. Kb1 Bb7 17. h4 e5 18. h5 Kg7 19. Rh4 f5 20. c4 d4 21.
f4 e4 22. Rxd4 Rfd8 23. Rxd8 Rxd8 24. Kc2 e3 25. Bd3 Bxg2 26. hxg6 hxg6 27. Rh2 Bf3 28. a4 g5 29. fxg5 f4 30. Rh7+ Kg8 31. Rh4 Rf8 32. b4 Bc6 33. b5 Bb7 34. a5 bxa5 35.
c5 f3 36. c6 e2 37. Kd2 Rd8 38. Re4 Bc8 39. b6 Rxd3+ 40. Kxd3 Bf5 41. Kd2 Bxe4 42. b7 Bxc6 43. b8=Q+ Kg7 44. Qc7+ Kg6 45. Qxc6+ Kxg5 46. Qxf3 1-0

[Event "*** MasterClass Titled Tuesday Blitz"]
[Site "Chess.com"]
[Date "2017.11.07"]
[Round "6"]
[White "SergeiAza"]
[Black "AttilaTurzo"]
[Result "0-1"]
[WhiteElo "2606"]
[BlackElo "2373"]
[TimeControl "180+2"]
[EndTime "15:26:58 PST"]
[Termination "AttilaTurzo won on time"]

1. e4 c5 2. Nf3 g6 3. c4 Nc6 4. d4 cxd4 5. Nxd4 Nf6 6. Nc3 d6 7. Be2 Nxd4 8. Qxd4 Bg7 9. Bg5 O-O 10. Qd2 Be6 11.
O-O Qa5 12. Rad1 Rfc8 13. b3 b5 14. Bxf6 Bxf6 15. Nxb5 Qxd2 16. Rxd2 a5 17. a4 Rab8 18. g3 Bg7 19. Rfd1 Rc5 20. Kg2 Rbc8 21. h3 Kf8 22. Bg4 f5 23. Bf3 Be5 24. exf5 gxf5 25. Bd5 Bd7 26.
f4 Bf6 27. Re2 Rb8 28. Kf2 Rb6 29. Be6 Bc6 0-1

[Event "*** MasterClass Titled Tuesday Blitz"]
[Site "Chess.com"]
[Date "2017.11.07"]
[Round "6"]
[White "NateSolon"]
[Black "EndgameGrinder"]
[Result "1-0"]
[WhiteElo "2389"]
[BlackElo "2481"]
[TimeControl "180+2"]
[EndTime "15:26:59 PST"]
[Termination "NateSolon won by resignation"]

1. d4 Nf6 2. Bf4 d5 3. e3 Bf5 4. c4 e6 5. Nc3 c6 6. Qb3 Qd7 7. Nf3 dxc4 8. Bxc4 Be7 9. O-O O-O 10. Rac1 b5 11. Be2 Qb7 12. Ne5 Nfd7 13. Bf3 Nxe5 14.
Bxe5 a6 15. Bg3 Rc8 16. Ne4 Bxe4 17. Bxe4 Nd7 18. Rc2 Nf6 19. Bf3 Nd5 20. Rfc1 Qd7 21. a3 Bd6 22. Bxd6 Qxd6 23. Rc5 Rc7 24. Qc2 Rac8 25. Qd2 g6 26. Qa5 Ra7 27. g3 Kg7 28.
Kg2 h5 29. e4 Ne7 30. Qc3 Kg8 31. d5 Rac7 32. e5 Qd8 33. d6 Rd7 34. dxe7 Qxe7 35. Rxc6 Rcd8 36. Rc7 Kg7 37. Qc6 Rxc7 38. Qxc7 Qg5 39.
h4 Qd2 40. Rd1 1-0

[Event "*** MasterClass Titled Tuesday Blitz"]
[Site "Chess.com"]
[Date "2017.11.07"]
[Round "6"]
[White "GameOverBro"]
[Black "viggi38"]
[Result "1-0"]
[WhiteElo "2330"]
[BlackElo "2220"]
[TimeControl "180+2"]
[EndTime "15:27:00 PST"]
[Termination "GameOverBro won by resignation"]

1. e4 d5 2. exd5 Qxd5 3. Nc3 Qd6 4. g3 c6 5. d4 Nf6 6. Bf4 Qd8 7. Bg2 Bf5 8. Nf3 e6 9. O-O Bd6 10. Ne5 O-O 11.
Qe2 Nd5 12. Nxd5 exd5 13. Qd2 f6 14. Nd3 Bxf4 15. Nxf4 Qd6 16. a4 a5 17. Rfe1 Nd7 18. Re3 b6 19. Rae1 b5 20. axb5 Nb6 21. bxc6 Nc4 22. Bxd5+ Qxd5 23. Nxd5 Nxd2 24. Ne7+ Kf7 25. Nxf5 Kg6 26. g4 a4 27. R1e2 Nc4 28. Re7 Rg8 29. b3 a3 30. bxc4 a2 31. Re1 h5 32.
h3 hxg4 33. hxg4 a1=Q 34. Rxa1 Rxa1+ 35. Kg2 Ra3 36. c7 Kg5 37. Rxg7+ Rxg7 38. Nxg7 Ra8 39. d5 Kg6 40. d6 1-0

[Event "*** MasterClass Titled Tuesday Blitz"]
[Site "Chess.com"]
[Date "2017.11.07"]
[Round "6"]
[White "FairChess_on_YouTube"]
[Black "VitaliyBernadskiy"]
[Result "1-0"]
[WhiteElo "2782"]
[BlackElo "2576"]
[TimeControl "180+2"]
[EndTime "15:27:12 PST"]
[Termination "FairChess_on_YouTube won by resignation"]

1. d4 e6 2. Nf3 c5 3. e4 cxd4 4. Nxd4 Nc6 5. Nc3 a6 6. Nxc6 bxc6 7. Bd3 d5 8. O-O Nf6 9. Qf3 Qc7 10. Bf4 Bd6 11. Bxd6 Qxd6 12. Rfe1 Qe7 13. Rad1 Bb7 14. Qh3 h6 15. exd5 cxd5 16. Ne2 O-O 17. Nd4 Qb4 18.
c3 Qb6 19. Re3 Ne4 20. f3 Ng5 21. Qg3 Qxb2 22. Rb1 Qd2 23. f4 Ne4 24. Bxe4 dxe4 25. Re2 Qd3 26. Rxb7 Rfc8 27. Rb3 a5 28. Qxd3 exd3 29.
Rd2 a4 30. Ra3 Rc4 31. Rxd3 Rb8 32. Kf2 Rb1 33. Ne2 Rb2 34. Rd4 Rxd4 35. cxd4 Rb4 36. Ke3 g5 37. fxg5 hxg5 38. Nc3 Rb1 1-0

[Event "*** MasterClass Titled Tuesday Blitz"]
[Site "Chess.com"]
[Date "2017.11.07"]
[Round "6"]
[White "Robin-Side"]
[Black "johnathan113"]
[Result "1-0"]
[WhiteElo "2608"]
[BlackElo "2468"]
[TimeControl "180+2"]
[EndTime "15:27:28 PST"]
[Termination "Robin-Side won by resignation"]

1. d4 Nf6 2. Nc3 g6 3. e4 d5 4. e5 Ne4 5. Nxe4 dxe4 6. Be3 Bg7 7. c3 c5 8. Qd2 Nc6 9. O-O-O cxd4 10. cxd4 O-O 11. Kb1 Bf5 12. h3 h5 13. g4 hxg4 14. hxg4 Bxg4 15. Be2 Bxe2 16. Nxe2 Qa5 17. Nc3 Rfd8 18.
Nxe4 Rac8 19. Qxa5 Nxa5 20. b3 Nc6 21. f4 Rd5 22. Nc3 Rd7 23. Kb2 Nb4 24. a3 Nd5 25.
Nxd5 Rxd5 26. Rc1 Rxc1 27. Rxc1 Rd7 28. Rc8+ Kh7 29. Kc3 f6 30. Kc4 Bh6 31. e6 Rd6 32.
d5 g5 33. fxg5 Bxg5 34. Bc5 Ra6 35. Bxe7 Bf4 36. Bxf6 Kg6 37. e7 1-0

[Event "*** MasterClass Titled Tuesday Blitz"]
[Site "Chess.com"]
[Date "2017.11.07"]
[Round "6"]
[White "nicegg"]
[Black "northridgehawk"]
[Result "1-0"]
[WhiteElo "1988"]
[BlackElo "1949"]
[TimeControl "180+2"]
[EndTime "15:27:30 PST"]
[Termination "nicegg won by resignation"]

1. e4 e5 2. Bc4 Nc6 3. Nf3 Nf6 4. Ng5 d5 5. exd5 Nxd5 6. d4 Bb4+ 7. c3 Be7 8. Nxf7 Kxf7 9. Qf3+ Ke6 10. O-O Bf6 11.
Qe4 Re8 12. f4 Kf7 13. fxe5 Be6 14. Qxh7 Rh8 15. Qe4 Qd7 16. Bg5 Rh5 17. exf6 gxf6 18. Bxd5 Rxg5 19. Bxe6+ Qxe6 20. Qxe6+ Kxe6 21. Nd2 Rag8 22. g3 f5 23. Rf4 Kd7 24. Raf1 Ne7 25. Nf3 Rh5 26. Nh4 Nd5 27. Rxf5 Rxh4 28. Rxd5+ Kc6 29.
Re5 Rhg4 30. Rf6+ Kd7 31. Rf7+ Kd6 32. Ree7 Rc8 33. Kg2 c5 34. dxc5+ Rxc5 35. Rxb7 Ra4 36. Rxa7 Rb5 37. Rxa4 1-0

[Event "*** MasterClass Titled Tuesday Blitz"]
[Site "Chess.com"]
[Date "2017.11.07"]
[Round "6"]
[White "GMKrikor"]
[Black "tango_argentino"]
[Result "0-1"]
[WhiteElo "2598"]
[BlackElo "2496"]
[TimeControl "180+2"]
[EndTime "15:27:52 PST"]
[Termination "tango_argentino won by resignation"]

1. e4 e6 2. d4 d5 3. Nd2 c5 4.
Ngf3 cxd4 5. Nxd4 Nc6 6. Bb5 Bd7 7. Nxc6 bxc6 8. Bd3 Bd6 9. O-O Ne7 10. Qe2 Ng6 11. g3 O-O 12. f4 Bc7 13. Nf3 c5 14. c4 Bc6 15. Bd2 Re8 16. Rad1 Rb8 17. Bc1 d4 18. e5 f5 19. exf6 gxf6 20. Rde1 Qd7 21. Nd2 f5 22.
Nf3 Ba8 23. h3 Qc6 24. Qh2 Kh8 25. Rf2 Rg8 26. Kf1 Rbe8 27. h4 e5 28. fxe5 Nxe5 29. Nxe5 Rxe5 30. Rxe5 Bxe5 31. Bf4 Bg7 32. Qh3 Rf8 33.
h5 h6 34. Qh4 Bf6 35. Qh3 Bg7 36. Qh4 Re8 37. Bd2 Qa4 38. b3 Qxa2 39. Kg1 Qa1+ 40. Rf1 Qb2 41. Qf4 Qxb3 42. Bxf5 Qb7 0-1

[Event "*** MasterClass Titled Tuesday Blitz"]
[Site "Chess.com"]
[Date "2017.11.07"]
[Round "6"]
[White "ZapataCharlesS"]
[Black "gmcorrales"]
[Result "0-1"]
[WhiteElo "2538"]
[BlackElo "2688"]
[TimeControl "180+2"]
[EndTime "15:27:54 PST"]
[Termination "gmcorrales won on time"]

1. d4 Nf6 2. Nf3 e6 3. Bg5 d5 4. e3 Be7 5. Nbd2 O-O 6. c3 b6 7.
Bd3 Bb7 8. O-O Nbd7 9. Rc1 c5 10. Ne5 h6 11. Nxd7 Qxd7 12. Bxf6 Bxf6 13. f4 a6 14. Nf3 Rac8 15. Ne5 Qe7 16. a3 b5 17. b4 cxb4 18.
cxb4 Rxc1 19. Qxc1 Rc8 20. Qd2 Qc7 21. Ra1 Qc3 22. Qd1 Qb2 23. Bf1 Rc3 24. Nd3 Qc2 25. Qxc2 Rxc2 26. Nc5 Bc8 27. a4 bxa4 28. Rxa4 g5 29. g3 Rc1 30. Kf2 gxf4 31. gxf4 Bh4+ 32. Ke2 e5 33. Bg2 e4 34. h3 Rc2+ 35. Kf1 Rf2+ 36.
Kg1 Rb2 37. Nxa6 Bf2+ 38. Kf1 Bxe3 39. Nc5 Bf5 40. Ra8+ Kg7 41. Rb8 Bxd4 42. Rd8 Rf2+ 43. Kg1 Rxf4+ 44. Kh1 e3 45. Rxd5 e2 0-1

[Event "*** MasterClass Titled Tuesday Blitz"]
[Site "Chess.com"]
[Date "2017.11.07"]
[Round "6"]
[White "Angry_Serb"]
[Black "Tibmat"]
[Result "1-0"]
[WhiteElo "2438"]
[BlackElo "2420"]
[TimeControl "180+2"]
[EndTime "15:27:56 PST"]
[Termination "Angry_Serb won by resignation"]

1. e4 c5 2. Nc3 Nc6 3. Bb5 Nd4 4. Nf3 a6 5. Bc4 Nc6 6. d4 cxd4 7. Nxd4 e6 8. Bf4 Nge7 9. Ndb5 axb5 10. Nxb5 Ng6 11.
Nc7+ Qxc7 12. Bxc7 Be7 13. O-O O-O 14. Bd6 Rd8 15.
f4 Bf8 16. e5 b6 17. Bxf8 Nxf8 18. Qe2 Bb7 19. Rad1 Ng6 20. a3 Nh4 21. Qf2 Nf5 22. Qxb6 Rab8 23. Qf2 Na5 24. Bd3 Ne7 25. b4 Nac6 26.
c4 g6 27. Be4 Ra8 28. Rd3 Ra4 29. b5 Na5 30. Qb6 Rb8 31. Bxb7 Rxb7 32. Qd8+ Kg7 33.
Qxe7 Nxc4 34. Qf6+ Kg8 35. Qd8+ Kg7 36. Rxd7 Rxd7 37.
Qxd7 Rxa3 38. Qd4 Ra4 39. Rc1 1-0

[Event "*** MasterClass Titled Tuesday Blitz"]
[Site "Chess.com"]
[Date "2017.11.07"]
[Round "6"]
[White "bugsbunny444"]
[Black "pandamaster3000"]
[Result "0-1"]
[WhiteElo "2413"]
[BlackElo "2301"]
[TimeControl "180+2"]
[EndTime "15:27:59 PST"]
[Termination "pandamaster3000 won by resignation"]

1. Nf3 Nf6 2. c4 g6 3. b4 Bg7 4. Bb2 O-O 5. g3 a5 6. b5 d5 7.
cxd5 Nxd5 8. Bxg7 Kxg7 9. Qb3 a4 10. Qb2+ Nf6 11. Bg2 Nd7 12. O-O Nc5 13. Rc1 Ne4 14.
d3 Nd6 15. Na3 Kg8 16. Rc2 Bd7 17. Rac1 Nfe8 18. Ne5 f6 19. Nec4 Nxc4 20. Rxc4 Be6 21. Bxb7 Ra7 22. Rd4 Qb8 23. Bc6 Nd6 24. Rb4 Qb6 25.
Qd4 Bxa2 26. Bd5+ Bxd5 27. Qxd5+ Kg7 28. Rc6 Qa5 29. Qc5 Rb8 30. Kg2 Kf8 31. e4 Nb7 32.
Qc2 Qxb4 33. Rxc7 Qxa3 34. b6 Ra6 35. Rc8+ Rxc8 36. Qxc8+ Kf7 37. Qxb7 Qxd3 0-1

[Event "*** MasterClass Titled Tuesday Blitz"]
[Site "Chess.com"]
[Date "2017.11.07"]
[Round "6"]
[White "TijanaBlagojevic"]
[Black "cheese111"]
[Result "1-0"]
[WhiteElo "2300"]
[BlackElo "2402"]
[TimeControl "180+2"]
[EndTime "15:28:00 PST"]
[Termination "TijanaBlagojevic won on time"]

1. e4 d5 2. exd5 Nf6 3. Bb5+ Bd7 4. Be2 Nxd5 5. d4 c6 6. Nf3 Bf5 7. O-O e6 8. a3 Be7 9. c4 Nf6 10. Nc3 Bg4 11. Be3 O-O 12. h3 Bh5 13. b4 Nbd7 14. Qb3 Qc7 15. Rfd1 Rfe8 16. Rac1 Bf8 17. a4 a5 18. b5 c5 19. d5 e5 20. Nh4 Bg6 21. Nxg6 hxg6 22. b6 Qd8 23. d6 Ra6 24.
Nb5 Rxb6 25. Qc3 Ne4 26. Qxa5 Nxd6 27. Rd5 Nf6 28. Rxc5 Nf5 29. Rxe5 Rxe5 30. Bxb6 Qd7 31. Bf3 Bc5 32. Rd1 Qe7 33. Bxc5 Qxc5 34. Qa8+ Re8 35.
Qxb7 Qxc4 36. a5 Nh4 37. Bc6 Re2 38. a6 1-0

[Event "*** MasterClass Titled Tuesday Blitz"]
[Site "Chess.com"]
[Date "2017.11.07"]
[Round "6"]
[White "GrigorGrigorov"]
[Black "Bryakin_Mikhail"]
[Result "1-0"]
[WhiteElo "2623"]
[BlackElo "2500"]
[TimeControl "180+2"]
[EndTime "15:28:03 PST"]
[Termination "GrigorGrigorov won by checkmate"]

1. d4 c6 2. c4 d5 3. Nf3 Nf6 4. Nbd2 a6 5. g3 b5 6. cxd5 cxd5 7. Bg2 Bb7 8. O-O e6 9. Nb3 Nbd7 10. Bf4 Qb6 11.
Rc1 Be7 12. Ne5 O-O 13. Bg5 Rfd8 14. Bxf6 Bxf6 15. Nxd7 Rxd7 16. Qd2 Rc8 17. Nc5 Rdc7 18. b4 Be7 19. Rc2 Bxc5 20. bxc5 Qa7 21. Qa5 Bc6 22. e3 Rb7 23. Rb1 Ra8 24. Rcb2 Qb8 25.
a4 g6 26. f4 Kg7 27. Bf1 h5 28. Bd3 h4 29. g4 h3 30. Qe1 Qh8 31. Qg3 Rab8 32. f5 exf5 33. gxf5 Qh5 34. Rf1 bxa4 35. Rbf2 g5 36. f6+ Kh6 37. Qd6 Qg4+ 38. Kh1 Rb2 39. Rxb2 Rxb2 40. Qf8+ Kh5 41. Qh8# 1-0

[Event "*** MasterClass Titled Tuesday Blitz"]
[Site "Chess.com"]
[Date "2017.11.07"]
[Round "6"]
[White "chesssharkattack"]
[Black "Rodalquilar"]
[Result "0-1"]
[WhiteElo "2371"]
[BlackElo "2507"]
[TimeControl "180+2"]
[EndTime "15:28:03 PST"]
[Termination "Rodalquilar won by resignation"]

1. e4 Nf6 2. e5 Nd5 3. c4 Nb6 4. c5 Nd5 5. Nc3 e6 6. Nf3 Nxc3 7. bxc3 b6 8. cxb6 axb6 9. Bd3 Bb7 10. O-O d6 11. Re1 Nd7 12. exd6 Bxd6 13. Bc2 O-O 14. d4 h6 15. Qd3 Nf6 16. Ne5 Bxe5 17. Rxe5 Qd7 18. Bf4 Qc6 19. f3 Ra3 20. Bd2 Rd8 21. h4 Ba6 22. Qe3 Bc4 23. g4 Rda8 24. g5 hxg5 25.
hxg5 Nd5 26. Qe4 g6 27. Re1 Rxa2 28. Bc1 Ne7 29. Bb1 Qxe4 30. R5xe4 Ra1 31. Bf4 Nd5 32. Be5 Kf8 33. Bf6 Ke8 34. Rh4 Nxc3 35. Rh8+ Kd7 36. Rxa8 Rxa8 37. Be4 Bd5 38. Re3 Ra1+ 39. Kg2 Ra2+ 40. Kh3 Ne2 41. Bxd5 Nf4+ 42. Kg4 Nxd5 43. f4 Nxe3+ 0-1

[Event "*** MasterClass Titled Tuesday Blitz"]
[Site "Chess.com"]
[Date "2017.11.07"]
[Round "6"]
[White "Iball95"]
[Black "mikhaillushenkov"]
[Result "1-0"]
[WhiteElo "2588"]
[BlackElo "2501"]
[TimeControl "180+2"]
[EndTime "15:28:04 PST"]
[Termination "Iball95 won by resignation"]

1. e4 e6 2. d4 d5 3. Nd2 Nf6 4. Bd3 c5 5. e5 Nfd7 6. c3 Nc6 7.
Ne2 cxd4 8. cxd4 f6 9. exf6 Qxf6 10. Nf3 h6 11. O-O Bd6 12. Bb5 Ndb8 13. Ng3 O-O 14.
Re1 a6 15. Ba4 Bd7 16. Bc2 Ne7 17. Qd3 Nf5 18. Nxf5 exf5 19. Ne5 Be6 20. Bd2 Nd7 21.
Bc3 b5 22. a3 Rac8 23. Bb3 Nb6 24. Qf3 Nc4 25. Re2 f4 26. Rae1 Bxe5 27. Bxc4 Rxc4 28. Rxe5 Bf7 29. Bb4 Rfc8 30. Be7 Qg6 31. Qxf4 Rc2 32. b4 Qd3 33. Bc5 Bg6 34. h4 Qxa3 35. Re7 Kh7 36. Rxg7+ Kxg7 37. Re7+ Kg8 38. Qf6 1-0

[Event "*** MasterClass Titled Tuesday Blitz"]
[Site "Chess.com"]
[Date "2017.11.07"]
[Round "6"]
[White "pastouche06"]
[Black "ValeriyGrinev"]
[Result "0-1"]
[WhiteElo "2341"]
[BlackElo "2443"]
[TimeControl "180+2"]
[EndTime "15:28:18 PST"]
[Termination "ValeriyGrinev won by resignation"]

1. e4 c5 2. Nf3 e6 3. d4 cxd4 4. Nxd4 a6 5. Nc3 Qc7 6. Be2 b5 7. a3 Bb7 8. f4 Nc6 9. Be3 Na5 10. O-O Nc4 11. Bc1 Nxa3 12. Kh1 Nc4 13. Qd3 Nf6 14. Ndxb5 axb5 15. Rxa8+ Bxa8 16. Nxb5 Qc6 17. Qxc4 Qxc4 18. Bxc4 Bxe4 19. c3 Be7 20. Nc7+ Kd8 21. Nb5 d5 22. Be2 Kd7 23. Be3 Rb8 24. Ra1 Rb7 25. b4 Ne8 26.
Ra5 Bf6 27. Nd4 Nd6 28. Ra6 Nc4 29. Bxc4 dxc4 30. Ra5 Bd3 31. Kg1 Kd6 32. Kf2 e5 33.
fxe5+ Bxe5 34. Bd2 f6 35. Nf3 Rf7 36. Ra6+ Kd5 37.
Ke3 Bd6 38. Ra5+ Kc6 39. Ra6+ Kd7 40. Kf2 Bc7 41. Nd4 Kc8 42. Kf3 Kb7 43. Ra4 Re7 44.
Be3 Be4+ 45. Kf2 h5 46. b5 Bxh2 47. Rxc4 h4 48. Ne2 Bd3 49. Rd4 Bxe2 50. Kxe2 Bg1 51. Rd3 f5 52. Kd2 Bxe3+ 53. Rxe3 Rd7+ 54. Rd3 Rc7 55. Rd5 g6 56. Rd6 Rg7 57. c4 g5 58. c5 g4 59. Rh6 h3 60. gxh3 g3 61. Re6 g2 62. Re1 g1=Q 63. Rxg1 Rxg1 64. Ke3 Rg3+ 65. Kf4 Rxh3 66. Kxf5 Rc3 67. c6+ Kb6 68. Ke6 Kxb5 69. c7 Rxc7 0-1

[Event "*** MasterClass Titled Tuesday Blitz"]
[Site "Chess.com"]
[Date "2017.11.07"]
[Round "6"]
[White "wonderfultime"]
[Black "Shivagami"]
[Result "1-0"]
[WhiteElo "2752"]
[BlackElo "2067"]
[TimeControl "180+2"]
[EndTime "15:28:26 PST"]
[Termination "wonderfultime won by resignation"]

1. d4 d5 2. Bf4 Nf6 3. e3 c5 4. dxc5 Nc6 5. Nf3 e6 6. Nbd2 Bxc5 7. Be2 O-O 8. O-O Bd6 9. Bg3 Bxg3 10. hxg3 e5 11. Nb3 Qe7 12. c4 Rd8 13. cxd5 Nxd5 14. Qc2 Bg4 15. Rad1 Ncb4 16. Qb1 Rac8 17. a3 Nc6 18.
Rd2 Nf6 19. Rfd1 g6 20. Rxd8+ Rxd8 21. Qc1 Ne4 22. Rxd8+ Qxd8 23. Qc4 Nf6 24. Nc5 Qe7 25. b4 a6 26. Nd2 Bxe2 27. Qxe2 a5 28. Qc4 axb4 29. axb4 b6 30. Na6 Qd6 31. Nf1 Kg7 32.
b5 Na5 33. Qc3 Nd5 34. Qd3 Qe6 35. e4 Ne7 36. Qd8 f5 37. Nc7 Qf7 38. Ne8+ Kh6 39.
Nd6 Qf6 40. exf5 gxf5 41. Qxe7 Qxe7 42. Nxf5+ 1-0

[Event "*** MasterClass Titled Tuesday Blitz"]
[Site "Chess.com"]
[Date "2017.11.07"]
[Round "6"]
[White "GM_dmitrij"]
[Black "Annawel"]
[Result "1-0"]
[WhiteElo "2620"]
[BlackElo "2764"]
[TimeControl "180+2"]
[EndTime "15:28:28 PST"]
[Termination "GM_dmitrij won on time"]

1. e4 e5 2. Nf3 Nc6 3. Bb5 a6 4. Ba4 d6 5. O-O Bd7 6. c3 g6 7. d4 Bg7 8. Re1 Nge7 9. Be3 O-O 10. Nbd2 Qe8 11. Bc2 h6 12. h3 b6 13. Nf1 f5 14. dxe5 dxe5 15. exf5 gxf5 16. Qe2 Kh8 17. Rad1 Be6 18. Bf4 Ng6 19. Bh2 Qf7 20. Ng3 Rae8 21.
Nh5 e4 22. Nd4 Nxd4 23. cxd4 Bxa2 24. Nxg7 Qxg7 25. b3 f4 26. f3 Nh4 27. fxe4 f3 28. Qf2 Nxg2 29. Kh1 c5 30. Rg1 c4 31. bxc4 Bxc4 32. d5 b5 33. e5 Rxe5 34. Bxe5 Qxe5 35. d6 Ne3 36. Rde1 Be2 37. Rxe2 Ng4 38. Rxe5 Nxf2+ 39. Kh2 b4 40. d7 1-0

[Event "*** MasterClass Titled Tuesday Blitz"]
[Site "Chess.com"]
[Date "2017.11.07"]
[Round "6"]
[White "gpeloui"]
[Black "jncool68"]
[Result "0-1"]
[WhiteElo "2269"]
[BlackElo "2477"]
[TimeControl "180+2"]
[EndTime "15:28:30 PST"]
[Termination "jncool68 won by checkmate"]

1. e4 c5 2. Nf3 d6 3. Bb5+ Nd7 4. c3 Nf6 5. Qe2 a6 6. Ba4 b5 7. Bc2 e6 8. d4 Bb7 9. O-O Be7 10. h3 O-O 11. Nbd2 Rc8 12. e5 Nd5 13. Ne4 cxd4 14. exd6 Bf6 15. cxd4 g6 16. Nxf6+ N7xf6 17. Bh6 Re8 18.
Ne5 Qxd6 19. Rac1 Ne7 20. Bg5 Nfd5 21. Ng4 h5 22. Nf6+ Nxf6 23. Bxf6 Nc6 24. Rfd1 Qd5 25.
Be4 Nxd4 26. Rxd4 Rxc1+ 27. Kh2 Qc5 28. Bxb7 Qc7+ 29. Be5 Qxb7 30. Qd2 Rc5 31. f4 Rd5 32.
Rxd5 Qxd5 33. Qc3 Qc4 34. Qe3 Kh7 35. a3 g5 36. Qa7 Kg6 37. fxg5 Qe4 38. Qc7 h4 39. Bf6 e5 40. Qd6 Re6 41. Qd8 Qf4+ 42. Kg1 Qe3+ 43. Kh2 Kf5 44. Qg8 Qg3+ 45. Kg1 Rd6 46.
Qh7+ Kf4 47. Qc2 Qe3+ 48. Kh2 Rd2 49. Qc6 Qg3+ 50. Kg1 Rd1# 0-1

[Event "*** MasterClass Titled Tuesday Blitz"]
[Site "Chess.com"]
[Date "2017.11.07"]
[Round "6"]
[White "miaou33"]
[Black "Margency"]
[Result "0-1"]
[WhiteElo "2292"]
[BlackElo "2510"]
[TimeControl "180+2"]
[EndTime "15:28:31 PST"]
[Termination "Margency won by resignation"]

1. b3 g6 2. Bb2 Nf6 3. Nf3 Bg7 4. g3 O-O 5. Bg2 d5 6. c4 c6 7. O-O Bg4 8. Ne5 Be6 9. d4 Nbd7 10. Nxd7 Qxd7 11. Nd2 Bh3 12. Qc2 Bxg2 13. Kxg2 Rad8 14. Rad1 Qf5 15. Qxf5 gxf5 16. Ba3 Rfe8 17. e3 e6 18. Rc1 a5 19. cxd5 Nxd5 20. Nc4 Ra8 21. Bd6 a4 22. b4 Red8 23. Bc5 Ra6 24. Ne5 f6 25. Nd3 b6 26.
b5 cxb5 27. Ba3 Ra7 28. Rc6 Kf7 29. Rfc1 Rdd7 30. Rb1 Rac7 31. Rd6 Rxd6 32. Bxd6 Rc2 33. Rxb5 Nxe3+ 34. Kf3 Nd5 35. a3 Bh6 36. Nb4 Rb2 37. h4 Bd2 38. h5 Be1 39. Rxd5 exd5 40. Nd3 Rb3 41. Ke2 Bc3 42. Nf4 Bxd4 43. h6 Be5 0-1

[Event "*** MasterClass Titled Tuesday Blitz"]
[Site "Chess.com"]
[Date "2017.11.07"]
[Round "6"]
[White "Cherone"]
[Black "LawrenceTrent"]
[Result "1/2-1/2"]
[WhiteElo "2451"]
[BlackElo "2366"]
[TimeControl "180+2"]
[EndTime "15:28:34 PST"]
[Termination "Game drawn by repetition"]

1. e4 c5 2. Nf3 d6 3. Bb5+ Nd7 4. O-O a6 5. Bxd7+ Bxd7 6. d4 cxd4 7. Qxd4 Rc8 8. c4 e5 9. Qd3 b5 10. Nfd2 Nf6 11. Nc3 Be7 12. b3 Qb6 13. a4 bxc4 14. Nxc4 Qxb3 15. Nxd6+ Bxd6 16. Qxd6 Qe6 17. Qa3 Qe7 18.
Qxe7+ Kxe7 19. Ba3+ Ke6 20. Rac1 Bc6 21. f3 Rhd8 22.
Rfd1 Rd4 23. Ne2 Rxd1+ 24. Rxd1 Ne8 25. a5 Bb5 26. Ng3 g6 27. Rd2 f6 28. Kf2 Rc4 29.
Ne2 Ra4 30. Bf8 Bxe2 31. Kxe2 Rxa5 32. Rd8 Ra2+ 33. Kf1 Nc7 34. Rd6+ Kf7 35. Rd7+ Kxf8 36. Rxc7 h5 37. Ra7 a5 38. h4 g5 39. hxg5 fxg5 40.
Kg1 a4 41. Kh2 a3 42. Ra5 Ra1 43. Rxe5 a2 44. Ra5 Ke7 45. Ra6 Kd7 46. g3 Kc7 47. f4 gxf4 48. gxf4 Kb7 49. Ra3 Kc6 50. f5 Kd6 51. Ra5 Re1 52. Rxa2 Rxe4 53. Rf2 Ke7 54.
f6+ Kf7 55. Rf5 h4 56. Kh3 Ra4 57. Rf3 Rb4 58. Rf2 Ra4 59. Rf3 Rb4 60. Rf2 Ra4 61.
Rf3 Rb4 62. Rf2 Ra4 1/2-1/2

[Event "*** MasterClass Titled Tuesday Blitz"]
[Site "Chess.com"]
[Date "2017.11.07"]
[Round "6"]
[White "PositionalGenius"]
[Black "MateusViageiro"]
[Result "0-1"]
[WhiteElo "2408"]
[BlackElo "2272"]
[TimeControl "180+2"]
[EndTime "15:28:35 PST"]
[Termination "MateusViageiro won by resignation"]

1. e4 c5 2. Nf3 d6 3. d4 cxd4 4. Qxd4 Nc6 5. Bb5 Bd7 6. Bxc6 Bxc6 7. Nc3 e6 8. Bg5 Nf6 9. O-O-O h6 10. Bh4 Be7 11.
Rhe1 Qc7 12. Kb1 b5 13. Bxf6 gxf6 14. Qd2 b4 15. Ne2 Bxe4 16. Ned4 d5 17. Nh4 Rc8 18. f3 Bh7 19. f4 Be4 20. g4 a5 21. Rxe4 dxe4 22. Nb5 Qb7 23. Nd6+ Bxd6 24. Qxd6 Qc7 25. Qd2 Rd8 26. Qe2 Rxd1+ 27. Qxd1 Qxf4 28. Ng2 Qf3 29. Qd2 O-O 30. a4 Qxg4 31. Ne3 Qg5 32. Qf2 f5 33. h4 Qg6 34. Nc4 Rd8 35. Ne5 Qf6 36. Qf4 Kh7 37. h5 Rd1+ 38. Ka2 Rd5 39. Nc4 e5 40.
Qf2 Qe6 41. b3 Rd4 42. Nxa5 f4 43. Nb7 e3 44. Qg2 e4 45. Nc5 Qd5 46. Na6 Rd2 47. Qf1 Rxc2+ 48. Kb1 Qxb3+ 0-1

[Event "*** MasterClass Titled Tuesday Blitz"]
[Site "Chess.com"]
[Date "2017.11.07"]
[Round "6"]
[White "Buffy7"]
[Black "Lunaticx"]
[Result "1/2-1/2"]
[WhiteElo "2493"]
[BlackElo "2672"]
[TimeControl "180+2"]
[EndTime "15:28:36 PST"]
[Termination "Game drawn by repetition"]

1. c4 e6 2. Nf3 d5 3. d4 Nf6 4. g3 Bb4+ 5. Bd2 Be7 6. Bg2 O-O 7. O-O c6 8. Qc2 b6 9. b3 Bb7 10. Bf4 Ne4 11. Nbd2 Nxd2 12. Bxd2 Nd7 13. Rad1 Nf6 14. Ne5 Rc8 15. Bg5 h6 16. Bxf6 Bxf6 17. e4 dxc4 18. bxc4 Qc7 19. Ng4 Be7 20. e5 Rcd8 21. f4 Qc8 22. Ne3 Rd7 23. Qe4 Rfd8 24. h4 Kh8 25. f5 exf5 26. Nxf5 Bf8 27. Kh2 Ba6 28. Ne3 Qc7 29. Bh3 Re7 30. Rf4 Bb7 31. Rdf1 c5 32. Nd5 cxd4 33. e6 Qxc4 34. Rxf7 Rxf7 35.
Rxf7 Bxd5 36. e7 Bxe4 37. Rxf8+ Kh7 38. exd8=Q Qe2+ 39. Kg1 Qe3+ 40. Rf2 Qxg3+ 41. Bg2 Bxg2 42. Rxg2 Qe3+ 43. Kh2 Qf4+ 44. Kg1 Qe3+ 45. Kh2 Qf4+ 46. Kg1 Qe3+ 1/2-1/2